 Dungeon Crawl Stone Soup version 0.27.1-34-g3ba077fa99 (webtiles) character file.

Game seed: 13164863081294790134

36953 pkoi the Black Belt (level 13, -8/91 HPs)
             Began as a Black Draconian Monk on Jan 13, 2022.
             Was a High Priest of Hepliaklqana.
             Mangled by Rupert (31 damage)
             ... on level 4 of the Lair of Beasts.
             The game lasted 00:38:11 (21577 turns).

pkoi the Black Belt (Black Draconian Monk)         Turns: 21577, Time: 00:38:11

Health: -8/91      AC: 14    Str: 14    XL:     13   Next: 55%
Magic:  13/13      EV: 17    Int: 15    God:    Hepliaklqana [*****.]
Gold:   903        SH:  0    Dex: 16    Spells: 11/12 levels left

rFire    + . .     SeeInvis .     - Unarmed
rCold    . . .     Faith    .   (no shield)
rNeg     . . .     Spirit   .   (armour unavailable)
rPois    .         Reflect  .   D - +1 hat
rElec    +         Harm     .   (no cloak)
rCorr    .         Rampage  .   c - +0 pair of gloves
Will     .....                  (no boots)
Stlth    +++.......             a - amulet of the acrobat
HPRegen  0.25/turn              u - ring of protection from fire
MPRegen  0.13/turn              g - +4 ring of protection

@: about to teleport, unable to read, studying Shields
A: reduced essence, breathe lightning, AC +8, unfitting armour, electricity
resistance, cold-blooded, thin skeletal structure 1, inability to read while
threatened
a: Breathe Lightning, Renounce Religion, Recall Ancestor, Ancestor Identity,
Transference, Idealise


You were on level 4 of the Lair of Beasts.
You worshipped Hepliaklqana.
Hepliaklqana was extremely pleased with you.
You visited 3 branches of the dungeon, and saw 16 of its levels.
You also visited: Ossuary.

You collected 903 gold pieces.

Inventory:

Hand Weapons
 i - a +1 dagger of flaming
 t - a +2 dagger of venom
Missiles
 e - 6 atropa-tipped darts (quivered)
 m - a throwing net
Armour
 c - a +0 pair of gloves (worn)
 D - a +1 hat (worn)
Jewellery
 a - an amulet of the acrobat (around neck)
 g - a +4 ring of protection (right hand)
 h - a ring of resist corrosion
 u - a ring of protection from fire (left hand)
 z - a ring of fire
 C - a +6 ring of dexterity
Wands
 k - a wand of flame (15)
 s - a wand of paralysis (2)
 y - a wand of iceblast (5)
 E - a wand of digging (4)
 F - a wand of charming (10)
Scrolls
 d - 13 scrolls of teleportation
 f - 6 scrolls of identify
 n - a scroll of fog
 o - 2 scrolls of magic mapping
 q - 4 scrolls of amnesia
 r - 6 scrolls of enchant weapon
 v - a scroll of holy word
 x - a scroll of enchant armour
Potions
 b - 5 potions of curing
 j - a potion of ambrosia
 l - 2 potions of resistance
 p - 3 potions of heal wounds
 w - 3 potions of brilliance
 A - a potion of cancellation
 G - 2 potions of flight
 H - a potion of might
 I - a potion of lignification
Miscellaneous
 B - a phantom mirror


   Skills:
 + Level 6.0 Fighting
 + Level 9.0 Dodging
 - Level 3.0 Stealth
 + Level 19.3 Unarmed Combat
 - Level 3.0 Evocations


You had 11 spell levels left.
You knew the following spells:

 Your Spells              Type           Power      Damage    Failure   Level
a - Apportation           Tloc           0%         N/A       26%         1

Your spell library contained the following spells:

 Spells                   Type           Power      Damage    Failure   Level
 Animate Skeleton         Necr           0%         N/A       26%         1
 Corona                   Hex            0%         N/A       26%         1
 Freeze                   Ice            0%         1d3       26%         1
 Magic Dart               Conj           0%         1d3       26%         1
 Sting                    Tmut/Pois      0%         1d3       26%         1
 Summon Small Mammal      Summ           0%         N/A       26%         1
 Corpse Rot               Necr/Air       N/A        N/A       38%         2
 Ensorcelled Hibernation  Hex/Ice        0%         N/A       38%         2
 Poisonous Vapours        Pois/Air       0%         N/A       38%         2
 Searing Ray              Conj           0%         3d3       38%         2
 Slow                     Hex            0%         N/A       38%         2
 Confusing Touch          Hex            0%         N/A       63%         3
 Frozen Ramparts          Ice            0%         1d2       63%         3
 Inner Flame              Hex/Fire       0%         N/A       63%         3
 Tukima's Dance           Hex            0%         N/A       63%         3
 Cause Fear               Hex            0%         N/A       95%         4
 Dispel Undead            Necr           0%         3d6       95%         4
 Fulminant Prism          Conj/Hex       0%         3d6       95%         4
 Hailstorm                Conj/Ice       0%         3d3       95%         4
 Olgreb's Toxic Radiance  Pois           0%         N/A       95%         4
 Yara's Violent Unravell  Hex/Tmut       0%         3d3       100%        5
 Death Channel            Necr           0%         N/A       100%        6
 Discord                  Hex            0%         N/A       100%        8


Dungeon Overview and Level Annotations

Branches:
Dungeon (11/15)            Temple (1/1) D:4            Lair (4/6) D:8
  Swamp (0/4) Lair:3        Snake (0/4) Lair:4          Orc (0/2) D:9
Ossuary (visited)

Altars:
Ashenzari
Cheibriados
Dithmenos
Elyvilon
Fedhas
Gozag
Hepliaklqana
Kikubaaqudgha
Makhleb
Nemelex Xobeh
Okawaru
Qazlal
Ru
Sif Muna
Trog
Uskayaw
Vehumet
Wu Jian
Xom
Yredelemnul
Zin
The Shining One

Shops:
D:3 *   D:10 [

Portals:
Ice
Cave: D:11

Annotations:
Lair:4 exclusion: oklob plant, Nessos, Rupert


Innate Abilities, Weirdness & Mutations

Your life essence is reduced to manifest your ancestor. (-10% HP)
You can breathe wild blasts of lightning.
Your glossy black scales are hard. (AC +8)
You cannot fit into any form of body armour.
You are resistant to electric shocks. (rElec)
You are cold-blooded and may be slowed by cold attacks.
You have a somewhat thin skeletal structure. (Dex +2, Stealth+)
You sometimes lose the ability to read scrolls when taking damage.


Message History

Nessos shoots an arrow.
The arrow misses you.
Rupert screams, "Give me the Holy Grail!"
Rupert yells loudly at you.
You are confused.
You're too confused to move!
Jaydra hits Rupert with a +0 flail!
Rupert roars wildly at you.
Jaydra resists with significant effort.
Jaydra hits Rupert with a +0 flail!
Nessos shoots an arrow.
The arrow misses you.
Jaydra hits Rupert with a +0 flail.
Rupert roars madly and goes into a rage!
Rupert goes berserk!
Nessos unwields a +3 longbow of flaming.
It stops flaming.
Nessos closely misses you. Nessos misses you.
Rupert hits you with a +3 great sword of freezing!!
You feel yourself slow down. Rupert freezes you.
Jaydra hits Rupert with a +0 flail.
Unknown command.
You feel better. Nessos misses you. x2
Rupert hits Jaydra with a +3 great sword of freezing.
Nessos stands on their hind legs for a moment.
Nessos barely misses you. Nessos closely misses you.
Jaydra hits Rupert with a +0 flail!
Rupert hits Jaydra with a +3 great sword of freezing!!
Rupert freezes Jaydra.
Nessos hits you but does no damage. Nessos kicks you.
As you read the scroll of teleportation, it crumbles to dust.
You feel strangely unstable.
You feel yourself speed up.
Rupert hits Jaydra with a +3 great sword of freezing!!!
Rupert freezes Jaydra.
Jaydra is destroyed!
Nessos blinks!
Rupert hits you with a +3 great sword of freezing!!
You feel threatened and lose the ability to read scrolls!
* * * LOW HITPOINT WARNING * * *
Rupert freezes you!
* * * LOW HITPOINT WARNING * * *
Nessos blinks!
Rupert hits you with a +3 great sword of freezing!!
You die...

,*,,*,*,,,,............####.#***.
,,,,,**,,,,............>.....,,,,
,**,,,,#........###.#........,***
,,*,,.##......######.........*,*,
,,,....#......##...#........#....
,,*...#.......##...##.......P....
,,*....#.......#<..##......P.....
.++...........##.@...........#...
.#*...#.......#.@..##.......##..,
..*,..........##§P'.#........#.##
.#######.......#.#..........##..#
.##.#.#).........................
....c....c.......................
..c....c......c..................
..........................####.#.
.>.....R...........§.......###..#
.#.#..###....P####...###.........


You could see Rupert (berserk) and Nessos.

Vanquished Creatures
  4 hydras
  3 two-headed ogres
  A catoblepas (D:8)
  Joseph (D:9)
  A torpor snail (Lair:3)
  12 cane toads
  Maggie (Lair:2)
  A rime drake (Lair:3)
  An ice devil (D:11)
  5 komodo dragons
  4 trolls
  A polar bear (Lair:2)
  4 blink frogs
  A meliai zombie (D:10)
  A shadow (D:9)
  A wyvern (Lair:4)
  A vampire (D:10)
  A basilisk (Lair:1)
  5 wraiths (D:10)
  22 yaks
  A naga (Lair:4)
  An acid dragon (D:8)
  9 water moccasins
  8 orc warriors
  A black bear (D:8)
  An ice beast (D:7)
  The ghost of barney the Changer, an amateur DrTm (D:3)
  7 wolves
  A centaur (D:10)
  A kobold brigand (D:8)
  9 bullfrogs
  2 elf zombies (Ossuary)
  A gnoll sergeant (D:9)
  A scorpion (D:4)
  A wyvern zombie (D:9)
  5 killer bees (D:10)
  4 wights
  A howler monkey (D:5)
  3 centaur zombies
  2 orc priests (D:9)
  2 human zombies (Ossuary)
  A jelly (D:6)
  A gnoll shaman (D:3)
  An iguana (D:3)
  5 orc wizards
  A killer bee zombie (D:7)
  A hound skeleton (D:4)
  A mummy (Ossuary)
  8 gnolls
  A howler monkey skeleton (D:7)
  12 adders
  An ufetubus (D:7)
  An adder skeleton (D:5)
  2 worms (D:2)
  A dart slug (D:4)
  12 orcs
  4 ball pythons
  6 bats
  5 endoplasms
  3 giant cockroaches
  4 hobgoblins
  3 jackals (D:4)
  9 kobolds
  6 quokkas
  6 frilled lizards
  8 goblins
  A goblin zombie (Ossuary)
  6 hobgoblin zombies (Ossuary)
  2 jackal zombies (Ossuary)
  6 kobold zombies (Ossuary)
  8 orc zombies (Ossuary)
  A quokka skeleton (D:4)
  3 rats
  2 rat zombies (Ossuary)
265 creatures vanquished.

Vanquished Creatures (collateral kills)
  Gastronok (Lair:3)
  Josephine (D:10)
  Fannar (D:10)
  4 hydras
  A two-headed ogre (D:10)
  A death yak (Lair:1)
  A bog body (Lair:3)
  An oklob plant (Lair:2)
  2 black mambas
  A gargoyle (D:9)
  A cane toad (Lair:3)
  A rime drake (Lair:3)
  2 blink frogs
  12 yaks
  A wyvern (D:7)
  A warg (D:9)
  2 ice beasts
  A necrophage (D:6)
  A black bear (Lair:3)
  5 wolves
  An ogre (D:7)
  A centaur (D:7)
  4 bullfrogs
  A kobold brigand (D:8)
  2 scorpions
  3 killer bees (D:10)
  6 wights
  2 centaur zombies
  A hound (D:7)
  A centaur skeleton (D:7)
  3 orc priests
  2 iguanas
  3 orc wizards
  A mummy (Ossuary)
  A howler monkey zombie (D:9)
  4 gnolls (D:4)
  A shadow imp (D:6)
  A white imp (D:7)
  An adder zombie (Ossuary)
  11 orcs
  A hobgoblin (D:4)
  2 jackals (D:4)
  A goblin zombie (Ossuary)
  3 hobgoblin zombies (Ossuary)
  5 kobolds (D:8)
  A kobold zombie (Ossuary)
  An orc zombie (Ossuary)
105 creatures vanquished.

Vanquished Creatures (others)
  4 knights
  An orc wizard (D:4)
  An orc (D:7)
  7 bushes (Lair:1)
  20 fungi
  104 plants
137 creatures vanquished.

Grand Total: 507 creatures vanquished

Notes
Turn   | Place    | Note
-------+----------+-------------------------------------------
     0 | D:1      | pkoi the Draconian Monk began the quest for the Orb.
     0 | D:1      | Reached XP level 1. HP: 19/19 MP: 1/1
    20 | D:1      | Found a faded altar of an unknown god.
   301 | D:1      | Reached XP level 2. HP: 26/26 MP: 2/2
   973 | D:2      | Found a stormy altar of Qazlal.
  1489 | D:2      | Reached XP level 3. HP: 21/33 MP: 3/3
  1790 | D:2      | Reached skill level 4 in Unarmed Combat
  2384 | D:2      | Reached XP level 4. HP: 19/40 MP: 4/4
  2763 | D:3      | Gained mutation: You sometimes lose the ability to read
                  | scrolls when taking damage. [potion of mutation]
  2763 | D:3      | Gained mutation: You have a somewhat thin skeletal
                  | structure. (Dex +2, Stealth+) [potion of mutation]
  3171 | D:3      | Found a runed translucent door.
  3182 | D:3      | Noticed barney's ghost (amateur DrTm)
  3204 | D:3      | Found Tiqorudu's Assorted Antiques.
  3491 | D:3      | Reached skill level 5 in Unarmed Combat
  3606 | D:3      | Found a shimmering blue altar of Sif Muna.
  3773 | D:4      | Reached XP level 5. HP: 46/46 MP: 5/5
  4189 | D:4      | Reached skill level 6 in Unarmed Combat
  4362 | D:4      | Reached XP level 6. HP: 52/52 MP: 6/6
  4529 | D:4      | Found a staircase to the Ecumenical Temple.
  4579 | Temple   | Entered the Ecumenical Temple
  4752 | Temple   | Became a worshipper of Hepliaklqana the Forgotten
  4752 | Temple   | Reached * piety under Hepliaklqana
  4752 | Temple   | Reached ** piety under Hepliaklqana
  4753 | Temple   | Remembered your ancestor Jaydra as a knight
  4918 | D:4      | Found a blossoming altar of Fedhas.
  5084 | D:4      | Reached skill level 7 in Unarmed Combat
  5098 | D:5      | Entered Level 5 of the Dungeon
  5108 | D:5      | Found a sand-covered staircase.
  5114 | Ossuary  | Entered an ossuary
  5263 | Ossuary  | Your scales start taking on a glossy black colour.
  5263 | Ossuary  | Reached XP level 7. HP: 27/54 MP: 7/7
  5263 | Ossuary  | Gained mutation: You are resistant to electric shocks.
                  | (rElec) [Black Draconian growth]
  5645 | D:5      | Reached skill level 5 in Fighting
  6204 | D:6      | Reached skill level 8 in Unarmed Combat
  6363 | D:6      | Reached XP level 8. HP: 46/63 MP: 8/8
  6563 | D:6      | Reached *** piety under Hepliaklqana
  6816 | D:7      | Reached skill level 9 in Unarmed Combat
  7138 | D:7      | Reached skill level 10 in Unarmed Combat
  8018 | D:7      | Reached XP level 9. HP: 67/67 MP: 9/9
  8023 | D:7      | Noticed a komodo dragon
  8141 | D:7      | Noticed a two-headed ogre
  8192 | D:7      | Reached skill level 11 in Unarmed Combat
  8356 | D:7      | Killed a komodo dragon
  8628 | D:7      | Killed a two-headed ogre
  8629 | D:7      | Reached skill level 5 in Dodging
  8629 | D:7      | Reached skill level 12 in Unarmed Combat
  8902 | D:8      | Reached XP level 10. HP: 74/74 MP: 10/10
  9809 | D:8      | Found a staircase to the Lair.
  9937 | D:8      | Noticed a catoblepas
 10030 | D:8      | Killed a catoblepas
 10031 | D:8      | Reached skill level 13 in Unarmed Combat
 10850 | Lair:1   | Entered Level 1 of the Lair of Beasts
 10911 | Lair:1   | Reached skill level 14 in Unarmed Combat
 11152 | Lair:1   | Reached **** piety under Hepliaklqana
 11572 | Lair:1   | Noticed a black mamba
 11583 | Lair:1   | Killed a black mamba
 11654 | Lair:1   | Noticed a cane toad
 11663 | Lair:1   | Killed a cane toad
 11664 | Lair:1   | Reached XP level 11. HP: 68/80 MP: 11/11
 12151 | Lair:1   | Noticed a six-headed hydra
 12190 | Lair:1   | Noticed a six-headed hydra
 12199 | Lair:1   | Killed a six-headed hydra
 12225 | Lair:1   | Noticed a five-headed hydra
 12234 | Lair:1   | Killed a five-headed hydra
 12235 | Lair:1   | Reached skill level 15 in Unarmed Combat
 12529 | Lair:1   | Killed a six-headed hydra
 13005 | Lair:2   | Noticed a death yak
 13006 | Lair:2   | Noticed a death yak
 13258 | Lair:2   | Noticed Maggie
 13268 | Lair:2   | Killed Maggie
 13269 | Lair:2   | Reached skill level 1 in Evocations
 13676 | Lair:2   | Noticed a death yak
 13715 | Lair:1   | Killed a death yak
 13780 | Lair:2   | Found a snail-covered altar of Cheibriados.
 13780 | Lair:2   | Noticed an oklob plant
 13934 | Lair:3   | Reached ***** piety under Hepliaklqana
 13957 | Lair:3   | Reached XP level 12. HP: 35/86 MP: 12/12
 14304 | Lair:3   | Noticed Gastronok
 14316 | Lair:3   | Killed Gastronok
 14317 | Lair:3   | Reached skill level 16 in Unarmed Combat
 14874 | Lair:3   | Noticed a six-headed hydra
 14883 | Lair:3   | Killed a six-headed hydra
 15156 | Lair:3   | Noticed an eight-headed hydra
 15162 | Lair:3   | Killed an eight-headed hydra
 15163 | Lair:3   | Reached skill level 17 in Unarmed Combat
 15189 | Lair:3   | Found a staircase to the Swamp.
 15614 | Lair:4   | Noticed Rupert
 15619 | Lair:4   | Noticed a five-headed hydra
 15716 | Lair:4   | Noticed a five-headed hydra
 15720 | Lair:4   | Noticed a seven-headed hydra
 15904 | Lair:4   | Noticed Nessos
 15922 | Lair:3   | HP: 1/86 [poisoned by Nessos]
 16423 | Lair:4   | Killed a seven-headed hydra
 16438 | Lair:4   | Noticed a six-headed hydra
 16475 | Lair:4   | Found the +2 robe of Vines {NoPotionHeal Regen+++}
 16514 | Lair:4   | Killed a five-headed hydra
 16905 | Lair:4   | Killed a five-headed hydra
 17090 | Lair:3   | Learned a level 1 spell: Apportation
 17139 | Lair:4   | Found a staircase to the Snake Pit.
 17431 | D:3      | Killed barney's ghost
 17600 | D:9      | Noticed Joseph
 17612 | D:9      | Found a staircase to the Orcish Mines.
 17874 | D:9      | Reached skill level 18 in Unarmed Combat
 17973 | D:9      | Killed Joseph
 17974 | D:9      | Reached XP level 13. HP: 84/91 MP: 11/13
 18637 | D:10     | Entered Level 10 of the Dungeon
 18927 | D:10     | Noticed Josephine
 19846 | D:10     | Killed Josephine
 20042 | D:10     | Found Uhaisekk's Armour Emporium.
 20191 | D:10     | Noticed Fannar
 20197 | D:10     | Reached skill level 19 in Unarmed Combat
 20752 | D:10     | Killed Fannar
 21114 | D:11     | Found a frozen archway.
 21577 | Lair:4   | Mangled by Rupert

Illustrated notes

Levels and vault maps discovered:
D:1:      erik_arrival_triangle_small, layout_basic,
          hellmonk_ecumenical_altar_blasted
D:2:      layout_basic, basic_altar, hex_medium, minmay_crystal_water,
          minmay_distorted
D:3:      layout_basic, led_sif_pool, serial_shops, shop, ebering_ghost_sewer_d,
          minmay_surrounded
D:4:      wad_woods_stonehenge, layout_basic, minmay_temple_entry_slanted,
          hex_large
D:5:      layout_gridville, nicolae_ossuary_entry_plus
D:6:      layout_rooms
D:7:      minmay_bubble_buster, layout_cave_pods, serial_bayou_pond_e,
          minmay_lizard_king
D:8:      layout_basic, grunt_lair_entry_orc_guard_hut, minmay_small_thing
D:9:      layout_roguey, david_orc_3, serial_rivers,
          chequers_serial_rivers_small_b, chequers_serial_rivers_large_a,
          chequers_serial_rivers_micro_e, chequers_serial_rivers_micro_b,
          uniq_joseph
D:10:     layout_loops_ring, serial_shops, shop_statue,
          minmay_fractal_squares_diagonal_5, uniq_fannar, uniq_josephine
D:11:     layout_cave_pools, portal_ice_cave_demonic_guard, serial_shops,
          kennysheep_mini, serial_column_ruins, column_ruins_corridor_corner,
          column_ruins_open_tiny, column_ruins_columns_straight,
          column_ruins_open_tiny, column_ruins_open_tiny
Temple:   kilobyte_greek_temple
Lair:1:   layout_chaotic_city, st_stairs_6, minmay_hedge_maze,
          grunt_forest_large_clearing_hut, grunt_megastairs_5
Lair:2:   layout_concentric_octagons, lemuel_oklob_altar, uniq_maggie
Lair:3:   layout_regular_city, skrybe_swamp_entry_bodies, wad_woods_road_03,
          uniq_gastronok
Lair:4:   layout_regular_city, guppyfry_snake_entry_garden,
          gauntlet_entry_generic, hellmonk_guarded_unrand_vines, uniq_nessos,
          uniq_rupert

Skill      XL: |  1  2  3  4  5  6  7  8  9 10 11 12 13 |
---------------+----------------------------------------+-----
Dodging        | 3 4 6 8 9 |  9.0
Fighting       | 4 6 |  6.0
Unarmed Combat | 4 5 6 7 8 10 12 14 15 18 19 | 19.3
Evocations     | 3 |  3.0
Stealth        | 2 3 |  3.0

Action                   |  1- 3 |  4- 6 |  7- 9 | 10-12 | 13-15 || total
-------------------------+-------+-------+-------+-------+-------++-------
Melee: Unarmed           |   147 |   230 |   235 |   409 |   217 ||  1238
       Tailslap          |    19 |    31 |    38 |    77 |    33 ||   198
       Punch             |     1 |     8 |    13 |    36 |    34 ||    92
Throw: Dart              |       |       |       |     2 |       ||     2
Invok: Ancestor Life: Kn |       |     1 |       |       |       ||     1
       Ancestor Identity |       |     1 |       |       |       ||     1
       Recall Ancestor   |       |       |     1 |     6 |     5 ||    12
       Transference      |       |       |       |       |     1 ||     1
 Abil: Breathe Lightning |       |       |     1 |     3 |       ||     4
Evoke: Wand              |       |       |     4 |     8 |     1 ||    13
  Use: Scroll            |     5 |     2 |     6 |     5 |     2 ||    20
       Potion            |       |     5 |     1 |     2 |     3 ||    11
 Stab: Sleeping          |     1 |     8 |     2 |    10 |     2 ||    23
       Distracted        |       |     1 |     1 |    12 |     7 ||    21
Armor: Skin              |    50 |    64 |    75 |    82 |    49 ||   320
Dodge: Dodged            |   103 |   144 |   134 |   297 |   129 ||   807
